Map: Lerilak Crest

Players

Porphyriel

  • Race: Terran Terran
  • League: Silver

SticklerMac - Winner!

  • Race: Zerg Zerg
  • League: Silver

VOD

Have the link to the VOD?

Description

Time

  • Played on: Sept. 20, 2015, 11:10 a.m.
  • Length: 11:29
Show
View Real Time Build Order
Export as new Build Order

Porphyriel Terran 

Build Orders: Mech 

Get SALT Encoding   

  12  0:02  SCV  
  13  0:14  SCV  
  13  0:19  Supply Depot  
  14  0:26  SCV  
  15  0:30  Refinery  
  15  0:43  Barracks  
  15  0:45  SCV  
  16  0:57  SCV  
  17  1:09  SCV  
  18  1:21  SCV  
  19  1:35  Command Center  
  19  1:50  Factory  
  19  1:58  Orbital Command  
  19  2:04  Barracks Reactor  
  19  2:10  Refinery  
  19  2:19  Supply Depot  
  19  2:26  SCV  
  20  2:38  SCV  
  21  2:45  Factory  
  21  2:50  SCV  
  22  2:53  Widow Mine  
  22  2:54  Widow Mine  
  26  2:59  Marine  
  27  3:12  Orbital Command  
  27  3:14  SCV  
  27  3:16  Marine  
  29  3:21  Widow Mine  
  29  3:26  SCV  
  32  3:29  Factory Tech Lab  
  32  3:32  Starport  
  32  3:34  Marine  
  32  3:38  SCV  
  32  3:39  SCV  
  35  3:50  SCV  
  35  3:51  SCV  
  35  3:52  Marine, Widow Mine x2  
  42  4:02  SCV  
  43  4:04  SCV  
  43  4:06  Armory  
  44  4:14  SCV  
  44  4:15  Marine  
  46  4:25  Supply Depot  
  46  4:36  Refinery  
  46  4:38  Refinery  
  46  4:44  Engineering Bay  
  46  4:46  SCV x2, Medivac, Widow Mine x2  
  54  4:54  Bunker  
  54  4:56  Bunker  
  54  4:57  Drilling Claws  
  54  5:07  Supply Depot  
  54  5:10  Supply Depot  
  54  5:21  Missile Turret  
  54  5:28  SCV x2, Marine, Siege Tank, Widow Mine  
  62  5:39  Widow Mine  
  62  5:40  SCV x2, Starport Reactor  
  66  5:46  Starport, Marine  
  67  5:52  SCV x2  
  69  6:03  Marine  
  70  6:35  Supply Depot  
  70  6:37  Supply Depot, Starport Tech Lab  
  70  6:56  Widow Mine  
  70  6:57  SCV x2, Siege Tank, Marine  
  70  7:00  Supply Depot  
  78  7:05  Supply Depot  
  78  7:09  SCV x2  
  78  7:14  Marine  
  81  7:21  SCV x2  
  83  7:26  Supply Depot  
  83  7:33  SCV x2  
  83  7:36  Thor  
  93  7:37  Hellbat  
  93  7:45  SCV x2  
  93  7:46  Factory  
  91  7:51  Factory  
  91  7:53  Hellbat  
  93  7:58  Hellbat  
  93  8:06  SCV x2  
  93  8:09  Command Center  
  93  8:12  Terran Vehicle Weapons Level 1  
  95  8:14  Hellbat  
  95  8:18  SCV x2, Thor  
  107  8:20  Hellbat  
  105  8:30  SCV x2  
  107  8:34  Factory Tech Lab  
  107  8:38  Factory Tech Lab  
  107  8:42  SCV x2  
  109  8:53  Supply Depot  
  109  8:54  Supply Depot x2, SCV  
  110  8:56  Supply Depot  
  110  8:57  Supply Depot  
  110  9:09  Liberator  
  110  9:14  Armory  
  110  9:15  SCV x2, Thor, Hellbat x2  
  110  9:16  Thor  
  128  9:27  SCV  
  132  9:35  Widow Mine  
  132  9:37  Hellbat x2  
  138  9:47  Refinery  
  138  9:48  Missile Turret  
  138  9:50  Planetary Fortress  
  138  9:51  Missile Turret x2  
  138  9:54  Missile Turret  
  138  9:59  Thor  
  144  10:00  Refinery  
  144  10:02  Missile Turret  
  144  10:04  SCV x2  
  96  10:27  Widow Mine x3  
  52  10:38  Thor  
  46  10:51  Unknown  
Show
View Real Time Build Order
Export as new Build Order

SticklerMac Zerg - Winner!

Build Orders: Hatch First, Muta Ling Bane 

Get SALT Encoding   

  12  0:01  Drone  
  13  0:08  Drone  
  14  0:17  Overlord  
  14  0:36  Drone x3  
  17  0:56  Hatchery  
  16  1:00  Drone x2  
  16  1:03  Extractor  
  17  1:08  Drone  
  18  1:20  Drone  
  18  1:24  Spawning Pool  
  18  1:41  Drone  
  18  1:42  Drone  
  20  1:52  Overlord  
  20  2:10  Queen x2  
  20  2:11  Metabolic Boost  
  20  2:13  Drone  
  20  2:14  Drone  
  26  2:20  Drone  
  26  2:21  Drone  
  28  2:29  Drone x2  
  30  2:36  Drone  
  30  2:37  Baneling Nest  
  30  2:40  Drone  
  31  2:46  Drone  
  32  2:52  Drone  
  33  2:59  Drone  
  33  3:02  Lair, Drone  
  35  3:06  Drone  
  36  3:13  Drone, Extractor  
  36  3:22  Overlord  
  36  3:23  Overlord x2  
  36  3:40  Queen  
  38  3:42  Drone x4  
  38  3:43  Drone x2  
  38  3:46  Drone, Extractor  
  44  3:50  Drone  
  44  3:53  Extractor  
  44  3:58  Evolution Chamber, Drone x2  
  44  3:59  Evolution Chamber  
  44  4:00  Drone x3  
  44  4:01  Drone  
  44  4:02  Drone  
  49  4:14  Hatchery  
  48  4:18  Drone x3  
  48  4:22  Drone x2  
  53  4:28  Drone  
  53  4:29  Centrifical Hooks  
  54  4:33  Zerg Missile Weapons Level 1  
  54  4:38  Zerg Ground Armor Level 1  
  54  4:44  Queen  
  56  4:53  Zergling x8  
  56  4:54  Overlord  
  56  4:55  Overlord  
  60  5:03  Spire  
  60  5:04  Drone  
  60  5:13  Drone  
  61  5:14  Drone  
  61  5:15  Drone x3  
  61  5:16  Drone x3  
  61  5:18  Drone  
  69  5:23  Drone x3  
  69  5:26  Drone  
  69  5:28  Zergling x2  
  74  5:48  Zergling x8  
  74  5:49  Zergling x12  
  81  6:09  Overlord  
  81  6:10  Overlord x6  
  81  6:11  Overlord  
  81  6:19  Pneumatized Carapace  
  81  6:21  Overlord x3  
  81  6:26  Baneling  
  81  6:27  Queen, Baneling x22  
  81  6:30  Mutalisk x2  
  81  6:32  Mutalisk  
  89  6:34  Mutalisk  
  89  6:38  Zergling x6  
  89  6:39  Zergling x2  
  95  6:40  Zergling x2  
  95  6:41  Zergling x2  
  97  6:52  Zerg Melee Weapons Level 1  
  97  6:58  Zerg Ground Armor Level 2  
  97  7:12  Extractor  
  97  7:13  Extractor, Zergling x8  
  97  7:14  Zergling x10  
  100  7:21  Overseer  
  95  7:24  Zergling x2  
  95  7:25  Zergling x10  
  93  7:32  Overseer  
  89  7:43  Zergling x2  
  89  7:44  Zergling x18  
  99  7:50  Drone  
  99  7:51  Drone x4  
  102  7:53  Drone  
  103  8:05  Zergling x6  
  106  8:08  Mutalisk  
  106  8:09  Mutalisk x3  
  106  8:12  Zergling x4  
  116  8:16  Zergling x2  
  115  8:21  Zergling x2  
  115  8:22  Zergling x6  
  118  8:32  Overseer  
  118  8:34  Zergling x4  
  118  8:35  Zergling x2  
  121  8:44  Baneling  
  121  8:45  Baneling x17  
  121  8:46  Baneling  
  121  8:47  Zergling x10  
  121  8:48  Zergling x10  
  131  8:54  Overseer  
  131  8:57  Zergling x2  
  131  8:58  Zergling x8  
  131  8:59  Zergling x2  
  137  9:05  Zergling x2  
  137  9:06  Zergling x6  
  135  10:13  Zergling x2  
  119  10:14  Zergling x30  
  119  10:15  Zergling x10  
  126  10:28  Zergling x6  
  104  10:35  Zergling x2  
  104  10:36  Zergling x10  
  104  10:42  Zergling x2  
  109  11:00  Zergling x10  
Tags
 
Add a new tag
Caveats
  • Supply blocks, unpowered buildings, or Contaminate may cause inaccurate times.
  • Supply counts are checked every 10 seconds.